 Dungeon Crawl Stone Soup version 0.29-a0-330-g52719c12eb (webtiles) character file.

Game seed: 3302333515171155945

324 MalarOregon the Skirmisher (level 6, 52/52 HPs)
             Began as a Palentonga Fighter on Apr 18, 2022.
             Quit the game on level 4 of the Dungeon.
             The game lasted 00:06:47 (4076 turns).

MalarOregon the Skirmisher (Palentonga Fighter)     Turns: 4076, Time: 00:06:48

Health: 52/52      AC:  7    Str: 20    XL:     6   Next: 23%
Magic:  15/15      EV:  8    Int: 10    God:
Gold:   187        SH:  4    Dex:  9    Spells: 5/5 levels left

rFire   . . .      SeeInvis +   q - +1 mace (vorpal)
rCold   . . .      Faith    .   c - +0 buckler
rNeg    . . .      Spirit   .   v - +3 leather armour
rPois   .          Reflect  .   (no helmet)
rElec   .          Harm     .   (no cloak)
rCorr   +          Rampage  .   (no gloves)
Will    .....                   (no barding)
Stlth   +.........              (no amulet)
HPRegen 0.17/turn               t - ring of resist corrosion
MPRegen 0.14/turn               u - ring of magical power

@: no status effects
A: large, rugged brown scales 3, see invisible, deformed body, roll 1, armoured
tail
a: Rolling Charge


You were on level 4 of the Dungeon.
You visited 1 branch of the dungeon, and saw 4 of its levels.
You also visited: Sewer.

You collected 187 gold pieces.

Inventory:

Hand Weapons
 j - a +0 short sword of freezing
   (You took it off a kobold on level 1 of the Dungeon)
 q - a +1 vorpal mace (weapon)
   (You took it off an orc on level 2 of the Dungeon)
 w - the +9 falchion of Cycaclutz {vorpal, rF- Int+5 Dex+5}
   (You found it on level 4 of the Dungeon)

   It inflicts extra damage upon your enemies.
   Int:       It affects your intelligence (+5).
   Dex:       It affects your dexterity (+5).
   rF:        It makes you vulnerable to fire.
Missiles
 e - 180 stones
 n - 11 poisoned darts
Armour
 c - a +0 buckler (worn)
 v - a +3 leather armour (worn)
   (You found it on level 3 of the Dungeon)
Jewellery
 t - a ring of resist corrosion (left hand)
   (You found it on level 3 of the Dungeon)
 u - a ring of magical power (right hand)
   (You found it on level 3 of the Dungeon)
Scrolls
 g - a scroll of amnesia
 k - 4 scrolls of identify {unknown}
 m - 2 scrolls of enchant armour {unknown}
Potions
 a - a potion of curing {unknown}
 b - a potion of resistance {unknown}
 d - 2 potions of might
 f - 2 potions of heal wounds {unknown}
 h - 2 potions of magic {unknown}
 i - a potion of mutation {unknown}
 l - 2 potions of cancellation {unknown}
 o - a potion of haste {unknown}
 p - a potion of invisibility {unknown}
 r - a potion of degeneration {unknown}
 s - 2 potions of brilliance {unknown}


   Skills:
 + Level 4.3 Fighting
 + Level 3.6 Maces & Flails
 + Level 3.5 Armour
 + Level 3.5 Shields


You had 5 spell levels left.
You didn't know any spells.
Your spell library contained the following spells:

 Spells                   Type           Power      Damage    Failure   Level
 Freeze                   Ice            0%         1d3       50%         1
 Frozen Ramparts          Ice            0%         1d2       86%         3
 Hailstorm                Conj/Ice       0%         3d3       99%         4
 Chain Lightning          Conj/Air       0%         N/A       100%        9
 Fire Storm               Conj/Fire      0%         5d1       100%        9
 Shatter                  Erth           0%         3d5*      100%        9


Dungeon Overview and Level Annotations

Branches:
Dungeon (4/15)              Sewer (visited)
 Temple: D:4-7

Altars:
The Shining One

Shops:
D:2 ((


Innate Abilities, Weirdness & Mutations

You are completely covered in rugged brown scales. (AC +3, +7% HP)
You have supernaturally acute eyesight. (SInv)
Armour fits poorly on your strangely shaped body.
You can roll at nearby foes to attack.
You have a long armoured tail.


Message History

The ball python misses you. The ball python closely misses you.
You block the ball python's attack.
You hit the ball python.
You kill the ball python!
The ball python barely misses you.
You barely miss the ball python. The ball python barely misses you.
The ball python closely misses you.
You closely miss the ball python. The ball python barely misses you.
You sock the ball python!
You kill the ball python!
No target in view!
Found a stone staircase leading up.
You now have 175 gold pieces (gained 5).
You now have 187 gold pieces (gained 12).
Found an escape hatch in the floor.
Found a scroll labelled UTEDIBLEWK and 18 stones.
An endoplasm comes into view.
An endoplasm is nearby!
An endoplasm is nearby!
The endoplasm quivers.
You hit the endoplasm.
The endoplasm hits you but does no damage.
You thump the endoplasm!
You kill the endoplasm!
No target in view!
k - 4 scrolls labelled UTEDIBLEWK (gained 1)
A quokka comes into view.
A quokka is nearby!
A quokka is nearby!
You see here 18 stones.
The quokka bites you but does no damage.
You barely miss the quokka. You block the quokka's attack. x2
You hit the quokka. The quokka barely misses you.
You hit the quokka.
You kill the quokka!
No target in view!
e - 180 stones (gained 18)
Found a hand axe.
Found a twisted falchion.
Found 16 gold pieces.
A ball python comes into view.
A ball python is nearby!
You sock the ball python!
You kill the ball python!
No target in view!
w - the +9 falchion of Cycaclutz {vorpal, rF- Int+5 Dex+5}
Found a stone staircase leading down.
Okay, then.
Found a chain mail.
Found a scale mail.

***,************### ***,* ##.#..
,,,,,,,,,,,,,,,,..#***#.#####....
,**,************#[##>............
,,,,* *,,.....##.#####.... ,****
*,*#..#.#**,** #.... ,*
#,*#.##.##**,# #.... ,*
#.*#.....# *.# #...# ,*
#.##.##..#*#.# #...# ,*
******#.$@#.#..##.#* #...# ,*****
*,,,,.#...........####...# ,,,<,*
*,,,...................... ****,*
*,...........#............ *,*
*,[....................... *,*
*,....#........##.###.###. *,*
**#####...##<#.##.##.#* ## *,*
##.###...)..##.* # *,*
#.*#....#####.## ##


There were no monsters in sight!

Vanquished Creatures
  2 jellies (Sewer)
  A hound (D:4)
  A scorpion zombie (D:2)
  A hound zombie (D:2)
  A gnoll (D:1)
  6 adders
  2 river rats (Sewer)
  2 adder zombies (D:2)
  2 worms (D:2)
  A dart slug (D:1)
  5 orcs
  10 ball pythons
  4 bats
  A bat skeleton (D:2)
  A bat zombie (D:2)
  18 endoplasms
  4 giant cockroaches
  3 goblins
  7 hobgoblins
  4 quokkas
  7 frilled lizards
  5 kobolds
  A quokka skeleton (D:2)
  4 rats
93 creatures vanquished.

Notes
Turn   | Place    | Note
-------+----------+-------------------------------------------
     0 | D:1      | MalarOregon the Palentonga Fighter began the quest for the
                  | Orb.
     0 | D:1      | Reached XP level 1. HP: 19/19 MP: 1/1
   282 | D:1      | You pick up a book of Frost and begin reading...
   282 | D:1      | You add the spells Freeze, Frozen Ramparts and Hailstorm to
                  | your library.
   478 | D:1      | Reached XP level 2. HP: 25/25 MP: 2/2
   881 | D:1      | Reached XP level 3. HP: 9/31 MP: 3/3
  1718 | D:2      | Found Guezad's Weapon Shop.
  1723 | D:2      | Found a glowing golden altar of the Shining One.
  1784 | D:2      | Reached XP level 4. HP: 29/37 MP: 4/4
  2377 | D:2      | Found Qagiel's Weapon Shop.
  3073 | D:3      | Reached XP level 5. HP: 41/44 MP: 5/5
  3199 | D:3      | Found a faded altar of an unknown god.
  3378 | D:4      | Reached skill level 4 in Fighting
  3440 | D:4      | Noticed a yak
  3440 | D:4      | Noticed a yak
  3440 | D:4      | Noticed a yak
  3534 | D:4      | Found a glowing drain.
  3547 | Sewer    | Entered a sewer
  3807 | Sewer    | Found a viscous altar of Jiyva.
  3827 | Sewer    | Reached XP level 6. HP: 49/51 MP: 6/6
  4069 | D:4      | Identified the +9 falchion of Cycaclutz {vorpal, rF- Int+5
                  | Dex+5}
  4076 | D:4      | Quit the game

Illustrated notes

Levels and vault maps discovered:
D:1:      wander_arrival_desolate, layout_basic
D:2:      layout_rooms, basic_altar, serial_shops, nicolae_diamond_shop, shop,
          serial_undead, serial_undead_a, serial_undead_d, serial_undead_f,
          serial_undead_e, minmay_ruptured
D:3:      layout_rooms, shapermc_ecumenical_altar_ellora,
          kennysheep_generic_room_11
D:4:      layout_loops_cross, portal_sewer_entry_d

Skill      XL: |  1  2  3  4  5 |
---------------+----------------+-----
Armour         | 3 |  3.5
Shields        | 3 |  3.5
Maces & Flails | 3 |  3.6
Fighting       | 4 |  4.3

Action                   |  1- 3 |  4- 6 || total
-------------------------+-------+-------++-------
Melee: Flail             |   101 |     9 ||   110
       Tailslap          |     9 |    18 ||    27
       Mace              |       |   171 ||   171
  Use: Scroll            |     1 |     5 ||     6
Armor: Scale mail        |    55 |    37 ||    92
       Leather armour    |       |    57 ||    57
Dodge: Dodged            |    39 |    68 ||   107
Block: Buckler           |    25 |    43 ||    68

Table legend: (Time is in decaauts)
 A = Elapsed time spent in this place.
 B = Non-inter-level travel time spent in this place.
 C = Inter-level travel time spent in this place.
 D = Time resting spent in this place.
 E = Time spent auto-exploring this place.
 F = Levels seen in this place.
 G = Mean time per level.
                   A        B        C        D        E       F      G
               +--------+--------+--------+--------+--------+-----+--------+
         Total |   4191 |   4036 |    155 |    278 |   2982 |   5 |  838.2 |
       Dungeon |   3778 |   3623 |    155 |    278 |   2723 |   4 |  944.5 |
         Sewer |    412 |    412 |      0 |      0 |    258 |   1 |  412.0 |
               +--------+--------+--------+--------+--------+-----+--------+

Top non-repeatable levels by time:
     D:1: 1640 daAuts
     D:2: 1094 daAuts
     D:3: 702 daAuts
   Sewer: 412 daAuts
     D:4: 341 daAuts
